 Dungeon Crawl Stone Soup version 0.18-a0-822-gb52b7b4 (webtiles) character file.

6907 4thArraOfDagon the Frost Mage (level 10, -6/50 HPs)
             Began as a Deep Elf Ice Elementalist on Dec 16, 2015.
             Was a Priest of Cheibriados.
             Mangled by a manticore (8 damage)
             ... on level 13 of the Dungeon.
             The game lasted 00:23:05 (3522 turns).

4thArraOfDagon the Frost Mage (DEIE)                Turns: 3522, Time: 00:23:05

Health: -6/50      AC:  7    Str: 11    XL:     10   Next: 79%
Magic:  18/26      EV: 13    Int: 30    God:    Cheibriados [***...]
Gold:   306        SH:  0    Dex: 21    Spells: 5 memorised, 15 levels left

rFire  x . .     SeeInvis .     j - +0 bardiche
rCold  + + +     Gourm    .     u - troll hide
rNeg   . . .     Faith    .     (shield currently unavailable)
rPois  +         Spirit   .     t - +0 helmet of Pragmatism {*Contam +Inv rPois rC+++} (curse)
rElec  .         Dismiss  .     (no cloak)
rCorr  .         Reflect  .     m - +1 pair of gloves
SustAt .         Harm     .     (no boots)
MR     +....                    (no amulet)
Stlth  ++........               x - +2 ring of protection
                                f - ring of ice

@: manticore barbs, very slow, somewhat resistant to hostile enchantments,
unstealthy
A: no striking features
a: Bend Time, Temporal Distortion, Renounce Religion, Evoke Invisibility


You were on level 13 of the Dungeon.
You worshipped Cheibriados.
Cheibriados was most pleased with you.
You were not hungry.

You visited 1 branch of the dungeon, and saw 14 of its levels.

You collected 306 gold pieces.

Inventory:

Hand Weapons
 g - a +1 flail of holy wrath
 j - a +0 bardiche (weapon)
 w - a +0 mace of protection
Armour
 m - a +1 pair of gloves (worn)
 t - the cursed +0 helmet of Pragmatism (worn) {*Contam +Inv rPois rC+++}
   (You found it on level 8 of the Dungeon)

   It renders you almost immune to cold.
   It protects you from poison.
   It lets you turn invisible.
   It causes magical contamination when unequipped.
   It has a curse placed upon it.
 u - a troll hide (worn)
Jewellery
 f - a ring of ice (left hand)
 x - a +2 ring of protection (right hand)
Wands
 e - a wand of fireball (0)
 y - a wand of magic darts (40)
Scrolls
 a - a scroll of enchant armour
 d - a scroll of amnesia
 k - a scroll of silence {unknown}
 r - a scroll of blinking
 v - 3 scrolls of remove curse
 A - a scroll of fog {unknown}
 C - a scroll of enchant weapon {unknown}
Potions
 h - a potion of curing
 n - 2 potions of brilliance {unknown}
 o - a potion of heal wounds {unknown}
 q - a potion of might
 s - 3 potions of ambrosia
 D - 2 potions of lignification {unknown}
 E - a potion of berserk rage
Books
 b - a book of Frost

   Spells                             Type                      Level
   a - Freeze                         Ice                          1
   b - Throw Frost                    Conjuration/Ice              2
   c - Ozocubu's Armour               Charms/Ice                   3
   d - Throw Icicle                   Conjuration/Ice              4
   e - Summon Ice Beast               Ice/Summoning                4
   f - Condensation Shield            Ice                          4
Comestibles
 c - 5 bread rations
 i - 3 meat rations
 z - a beef jerky


   Skills:
 - Level 2.4 Dodging
 - Level 2.4 Stealth
 + Level 10.3 Spellcasting
 * Level 11.1 Conjurations
 * Level 11.9 Ice Magic


You had 15 spell levels left.
You knew the following spells:

 Your Spells              Type           Power        Failure   Level  Hunger
a - Freeze                Ice            ####         1%          1    None
b - Throw Frost           Conj/Ice       ######       1%          2    None
c - Throw Icicle          Conj/Ice       #######.     1%          4    None
d - Summon Ice Beast      Ice/Summ       ######..     4%          4    None
e - Regeneration          Chrm/Necr      ###.......   14%         3    None


Dungeon Overview and Level Annotations

Branches:
Dungeon (14/15)              Lair (0/8) D:9
 Temple: D:4-7          Orc: D:9-12      Vaults: D:13-14

Altars:
Cheibriados
Dithmenos
Gozag
Pakellas
Ru
Trog

Shops:
D:13 :

Annotations:
D:8 Psyche
D:10 Urug
D:12 Harold


Message History

The hound bites you.
Unknown command.
The barbs in your skin will harm you if you move.
Continue?
Okay, then.
Unknown command.
Unknown command.
Unknown command.
The barbs in your skin will harm you if you move.
Continue?
The barbed spikes dig painfully into your body as you move.
The hound bites you but does no damage. The manticore bites you!!
* * * LOW HITPOINT WARNING * * *
The manticore barely misses you. The manticore closely misses you.
There is a stone staircase leading down, spattered with blood here.
Unknown command.
Unknown command.
Unknown command.
You warp the flow of time around you!
You feel somewhat more hungry.
You fail to use your ability.
The manticore misses you. The manticore claws you!
You die...

# # #. ##.#
..#...#####
#.....H...#
.#...#@..#######.
## #...........
..H.........#####
............#
.#..........#
#..##[..#### ....
#...# ... #...#
## #####


You could see a manticore.

Vanquished Creatures
  A centaur warrior (D:14)
  2 hill giants (D:13)
  A gargoyle (D:12)
  A kobold demonologist (D:11)
  2 trolls (D:9)
  A fire drake (D:9)
  A two-headed ogre (D:12)
  3 yaks (D:11)
  A trapdoor spider (D:13)
  Eustachio (D:5)
  A mottled dragon (D:12)
  A hippogriff (D:11)
  4 ogres
  A necrophage (D:9)
  2 orc warriors
  2 sky beasts
  A giant frog (D:10)
  2 centaurs
  A wyvern zombie (D:9)
  A scorpion (D:5)
  5 killer bees (D:7)
  3 crimson imps
  5 jellies
  4 worker ants
  3 centaur skeletons
  A hound (D:11)
  3 iguanas
  2 orc wizards
  A hound skeleton (D:9)
  A gnoll (D:4)
  6 adders
  2 shadow imps (D:9)
  An adder zombie (D:5)
  2 giant geckos
  12 orcs
  A giant cockroach (D:8)
  2 goblins (D:3)
  A quokka (D:6)
  2 giant newts
  A kobold (D:1)
  3 quokka skeletons
  A rat (D:3)
92 creatures vanquished.

Vanquished Creatures (collateral kills)
  A gargoyle (D:14)
  6 yaks
  An ogre (D:9)
  A centaur zombie (D:8)
  A giant frog skeleton (D:5)
  A worker ant zombie (D:6)
  2 gnolls (D:4)
  An adder zombie (D:5)
  2 orcs (D:9)
16 creatures vanquished.

Grand Total: 108 creatures vanquished

Notes
Turn   | Place    | Note
--------------------------------------------------------------
     0 | D:1      | 4thArraOfDagon the Deep Elf Ice Elementalist began the quest for the Orb.
     0 | D:1      | Reached XP level 1. HP: 10/10 MP: 6/6
   129 | D:4      | Noticed a worker ant
   141 | D:4      | Killed a worker ant
   141 | D:4      | Reached skill level 4 in Ice Magic
   141 | D:4      | Reached XP level 2. HP: 12/15 MP: 4/8
   141 | D:4      | Reached XP level 3. HP: 15/19 MP: 5/10
   145 | D:4      | Learned a level 2 spell: Throw Frost
   187 | D:4      | Found a sacrificial altar of Ru.
   193 | D:4      | Noticed an ogre
   225 | D:4      | Killed an ogre
   225 | D:4      | Reached skill level 5 in Ice Magic
   225 | D:4      | Reached XP level 4. HP: 24/24 MP: 1/12
   225 | D:4      | Reached XP level 5. HP: 28/28 MP: 1/13
   258 | D:4      | Learned a level 4 spell: Throw Icicle
   263 | D:4      | Learned a level 4 spell: Summon Ice Beast
   284 | D:5      | Entered Level 5 of the Dungeon
   322 | D:5      | Found a bloodstained altar of Trog.
   349 | D:6      | Noticed Eustachio
   363 | D:5      | Killed Eustachio
   363 | D:5      | Reached XP level 6. HP: 32/32 MP: 6/15
   390 | D:5      | Reached skill level 5 in Spellcasting
   463 | D:5      | Found an opulent altar of Gozag.
   601 | D:4      | Found an opulent altar of Gozag.
   679 | D:6      | Reached skill level 6 in Ice Magic
   679 | D:6      | Reached XP level 7. HP: 11/36 MP: 7/17
   727 | D:6      | Found an oddly glowing altar of Pakellas.
   936 | D:7      | Reached skill level 5 in Conjurations
  1037 | D:7      | Identified Sif Muna's Guide on Dark Augmentations
  1058 | D:7      | Learned a level 3 spell: Regeneration
  1130 | D:5      | Found a snail-covered altar of Cheibriados.
  1368 | D:4      | meh
  1383 | D:4      | time to suicide
  1519 | D:7      | Reached skill level 7 in Ice Magic
  1549 | D:7      | Found a shadowy altar of Dithmenos.
  1569 | D:8      | Got a shimmering helmet
  1575 | D:8      | Identified the cursed +0 helmet of Pragmatism {*Contam +Inv rPois rC+++} (You found it on level 8 of the Dungeon)
  1575 | D:8      | was good char tho
  1633 | D:9      | Noticed a troll
  1639 | D:9      | Killed a troll
  1639 | D:9      | Reached XP level 8. HP: 41/41 MP: 10/19
  1881 | D:6      | Reached skill level 8 in Ice Magic
  1932 | D:5      | Became a worshipper of Cheibriados the Contemplative
  2046 | D:8      | Noticed Psyche
  2236 | D:9      | Reached * piety under Cheibriados
  2357 | D:10     | Entered Level 10 of the Dungeon
  2393 | D:10     | Noticed Urug
  2453 | D:9      | Found a staircase to the Lair.
  2453 | D:9      | Noticed a fire drake
  2455 | D:9      | Killed a fire drake
  2455 | D:9      | Reached XP level 9. HP: 45/45 MP: 13/22
  2559 | D:9      | Reached skill level 9 in Ice Magic
  2792 | D:11     | Reached ** piety under Cheibriados
  2810 | D:11     | Reached skill level 10 in Ice Magic
  2833 | D:11     | Noticed a kobold demonologist
  2842 | D:11     | Noticed a sun demon
  2842 | D:11     | Killed a kobold demonologist
  2939 | D:11     | Reached XP level 10. HP: 25/50 MP: 6/25
  3133 | D:12     | Reached skill level 10 in Conjurations
  3133 | D:12     | Reached skill level 11 in Ice Magic
  3201 | D:13     | Found Xar Ohuh's Book Boutique.
  3219 | D:13     | Noticed a hill giant
  3219 | D:13     | Noticed a deep elf mage
  3226 | D:13     | Killed a hill giant
  3252 | D:13     | Noticed a hill giant
  3255 | D:13     | Killed a hill giant
  3321 | D:12     | Noticed Harold
  3430 | D:13     | Reached skill level 10 in Spellcasting
  3434 | D:13     | Noticed a cyan ugly thing
  3436 | D:13     | Noticed a green ugly thing
  3458 | D:14     | Noticed a centaur warrior
  3463 | D:14     | Killed a centaur warrior
  3463 | D:14     | Reached *** piety under Cheibriados
  3519 | D:13     | Noticed a manticore
  3521 | D:13     | HP: 2/50 [manticore (24)]
  3522 | D:13     | Mangled by a manticore

Vault maps used:
D:1:      minmay_arrival_stair_chambers
D:2:      old_standard_altar, tgw_fedhas
D:3:      lemuel_round_altar, uniq_terence, uniq_robin
D:4:      nicolae_ru_great_annihilating_truth, first_bread,
          grunt_gozag_breadcrumbs, uniq_crazy_yiuf_cottage
D:5:      cheibriados_altar_1, nicolae_overflow_crystal_walls,
          lemuel_round_altar, temple_hall
D:6:      grunt_pakellas_sulfur, serial_bayou_pond_c, uniq_eustachio
D:7:      old_standard_altar, serial_glass, glass_columns_c, glass_columns_b,
          item_on_display_a, item_on_display_a, due_unseen_surprise
D:8:      blue_anna_alchemist, kennysheep_small_spiral, uniq_erica, uniq_pikel,
          uniq_psyche
D:9:      minmay_lair_entry_lava
D:10:     uniq_urug
D:11:     orc_0_dummy, uniq_sonja
D:12:     serial_shops, nicolae_shop_behind_doors, st_stairs_9, minivault_12,
          uniq_harold
D:13:     david_vaults_1, serial_shops, shop, minivault_14
D:14:     minmay_dotted_concentric_squares, ashenzari_altar_1,
          hangedman_devilish_allure

Action                   |  1- 3 |  4- 6 |  7- 9 | 10-12 || total
-------------------------+-------+-------+-------+-------++-------
Melee: Dagger            |       |    26 |    45 |       ||    71
       Mace              |       |       |    83 |     5 ||    88
       Bardiche          |       |       |       |    26 ||    26
 Cast: Freeze            |     8 |    12 |    60 |     6 ||    86
       Throw Frost       |     4 |     4 |    19 |     3 ||    30
       Summon Ice Beast  |       |     1 |    12 |     2 ||    15
       Throw Icicle      |       |     4 |    30 |    19 ||    53
Invok: Temporal Distorti |       |       |       |     1 ||     1
Evoke: Wand              |     2 |       |       |       ||     2
  Use: Scroll            |       |     1 |     9 |     2 ||    12
       Potion            |       |       |       |     3 ||     3
 Stab: Sleeping          |       |     2 |     1 |       ||     3
       Distracted        |       |       |     1 |       ||     1
  Eat: Chunk             |       |       |     8 |       ||     8
       Pizza             |       |       |     1 |       ||     1
       Fruit             |       |       |       |     2 ||     2
       Beef jerky        |       |       |       |     1 ||     1
